Map: Ascension to Aiur LE

Players

McMonMEMEroe

  • Race: Zerg Zerg
  • League: Master
  • Spawn Location: 11:00

omegabanana - Winner!

  • Race: Protoss Protoss
  • League: Gold
  • Spawn Location: 5:00

VOD

https://go.twitch.tv/videos/186074637

Description

Time

  • Played on: Oct. 28, 2017, 8:38 p.m.
  • Length: 8:34
Show
View Real Time Build Order
Export as new Build Order

McMonMEMEroe Zerg 

Build Orders: Hatch First 

Get SALT Encoding   

  12  0:00  Drone  
  13  0:12  Overlord  
  13  0:16  Drone  
  14  0:30  Drone x2  
  14  0:34  Drone  
  17  0:51  Hatchery  
  17  0:54  Drone  
  17  0:58  Drone  
  18  1:08  Extractor  
  17  1:13  Spawning Pool  
  17  1:16  Drone  
  17  1:20  Drone  
  18  1:31  Drone  
  19  1:39  Overlord  
  19  1:52  Drone  
  20  2:00  Queen  
  22  2:01  Zergling x2  
  22  2:03  Zergling x2, Queen  
  26  2:08  Metabolic Boost  
  26  2:11  Drone  
  28  2:15  Drone  
  28  2:23  Drone  
  28  2:27  Drone  
  30  2:34  Drone  
  30  2:36  Drone  
  32  2:42  Hatchery  
  31  2:45  Overlord  
  31  2:50  Drone  
  32  2:55  Drone  
  32  2:57  Drone  
  34  3:10  Drone  
  34  3:11  Overlord, Drone  
  35  3:13  Drone x5  
  35  3:18  Queen  
  42  3:21  Drone  
  42  3:25  Overlord  
  43  3:30  Zergling x2  
  43  3:33  Lair  
  44  3:36  Extractor x2  
  44  3:39  Zergling x2  
  43  3:42  Overlord  
  43  3:45  Drone x2  
  43  3:46  Drone  
  46  3:49  Drone x2  
  46  3:51  Drone  
  49  3:57  Drone x2  
  49  4:00  Drone  
  52  4:04  Drone  
  52  4:08  Drone  
  54  4:12  Drone  
  54  4:16  Zergling x14  
  62  4:20  Overlord  
  62  4:28  Zergling x4  
  62  4:30  Overseer  
  64  4:36  Zergling x2  
  64  4:37  Zergling x2  
  66  4:39  Drone  
  66  4:40  Hydralisk Den  
  66  4:45  Extractor  
  63  4:54  Drone x11  
  72  5:00  Overlord  
  72  5:03  Zergling x2  
  73  5:10  Zergling x2  
  73  5:15  Muscular Augments  
  73  5:17  Overlord x2  
  73  5:18  Hydralisk  
  73  5:19  Hydralisk x3  
  81  5:26  Hydralisk x2  
  83  5:37  Hydralisk x6  
  83  5:42  Overlord x2  
  95  5:44  Hydralisk  
  97  5:51  Overlord x2  
  97  6:03  Hydralisk x5  
  107  6:21  Zergling x20  
  117  6:27  Hydralisk  
  116  6:33  Hydralisk x3  
  116  6:36  Spore Crawler  
  116  6:37  Spine Crawler  
  120  6:41  Hydralisk x4  
  120  6:43  Overlord x2  
  120  6:47  Overlord  
  128  6:51  Overlord  
  128  6:58  Hydralisk  
  114  7:16  Hydralisk x7  
  120  7:27  Zergling x2  
  120  7:28  Zergling x18  
  128  7:35  Zergling x2  
  129  7:41  Hydralisk x2  
  133  7:46  Overseer  
  133  7:48  Hydralisk  
  133  7:59  Hydralisk x5  
  133  8:01  Zergling x6  
  133  8:02  Zergling x6  
Show
View Real Time Build Order
Export as new Build Order

omegabanana Protoss - Winner!

Build Orders: 1 Gate Expand, Zealot Archon, Dark Templar Rush 

Get SALT Encoding   

  12  0:00  Probe (Chrono Boost)  
  13  0:11  Probe (Chrono Boost)  
  14  0:17  Pylon  
  14  0:22  Probe (Chrono Boost)  
  16  0:35  Probe (Chrono Boost)  
  16  0:39  Gateway  
  16  0:44  Assimilator  
  16  0:48  Probe (Chrono Boost)  
  17  0:58  Probe (Chrono Boost)  
  18  1:09  Probe (Chrono Boost)  
  19  1:20  Nexus  
  19  1:31  Cybernetics Core  
  19  1:33  Probe (Chrono Boost)  
  19  1:39  Assimilator  
  20  1:43  Probe (Chrono Boost)  
  21  1:48  Pylon  
  22  1:54  Probe (Chrono Boost)  
  22  2:04  Probe (Chrono Boost)  
  22  2:07  Warp Gate, Adept (Chrono Boost)  
  25  2:16  Probe  
  26  2:26  Twilight Council  
  26  2:28  Probe  
  27  2:31  Adept (Chrono Boost)  
  27  2:32  Probe  
  30  2:40  Probe  
  30  2:43  Probe  
  31  2:48  Robotics Facility  
  32  2:52  Probe (Chrono Boost)  
  32  2:55  Probe (Chrono Boost)  
  34  3:03  Probe (Chrono Boost)  
  36  3:05  Probe (Chrono Boost)  
  36  3:14  Probe (Chrono Boost)  
  36  3:16  Probe (Chrono Boost)  
  36  3:18  Dark Shrine  
  38  3:25  Probe (Chrono Boost)  
  39  3:35  Gateway x2  
  39  3:38  Gateway, Warp Prism (Chrono Boost)  
  39  3:40  Probe  
  41  3:43  Probe  
  41  3:48  Assimilator  
  43  3:49  Assimilator  
  43  3:53  Probe  
  43  3:54  Pylon  
  44  3:57  Probe  
  45  4:04  Probe (Chrono Boost)  
  46  4:12  Probe (Chrono Boost)  
  46  4:16  Pylon, Probe (Chrono Boost)  
  48  4:23  Probe (Chrono Boost)  
  49  4:27  Probe (Chrono Boost)  
  50  4:33  Probe (Chrono Boost)  
  50  4:35  Dark Templar x2  
  50  4:36  Dark Templar x2  
  59  4:48  Nexus  
  59  4:57  Probe (Chrono Boost)  
  59  4:58  Probe (Chrono Boost)  
  61  5:01  Forge  
  61  5:05  Pylon  
  61  5:14  Pylon  
  61  5:16  Charge (Chrono Boost)  
  61  5:19  Immortal (Chrono Boost), Archon  
  61  5:20  Archon  
  61  5:21  Probe  
  61  5:23  Mothership Core  
  68  5:34  Protoss Ground Weapons Level 1 (Chrono Boost)  
  68  5:36  Probe  
  69  5:43  Gateway  
  69  5:44  Gateway  
  69  5:51  Gateway  
  69  5:52  Immortal  
  69  5:54  Gateway  
  69  5:58  Sentry x2  
  69  6:00  Zealot, Sentry  
  69  6:01  Probe x3  
  84  6:13  Pylon, Probe  
  84  6:14  Probe  
  86  6:18  Pylon  
  86  6:21  Probe  
  86  6:22  Pylon  
  86  6:25  Probe  
  88  6:33  Dark Templar x4  
  88  6:39  Archon x2  
  97  6:40  Probe x2  
  97  6:42  Pylon  
  98  6:50  Zealot x4  
  106  7:03  Probe x2  
  106  7:05  Zealot  
  106  7:06  Zealot x3  
  116  7:11  Zealot x3  
  110  7:18  Zealot  
  104  7:25  Probe  
  101  7:31  Dark Templar x4  
  101  7:32  Sentry  
  101  7:33  Zealot  
  101  7:35  Archon  
  101  7:36  Zealot, Archon  
  113  7:44  Pylon  
  113  7:49  Assimilator, Probe  
  114  7:52  Assimilator  
  114  7:53  Zealot x2  
  118  8:00  Zealot x2  
  116  8:05  Zealot  
  116  8:06  Zealot x3  
  114  8:15  Zealot x2  
Tags
 
Add a new tag
Caveats
  • Supply blocks, unpowered buildings, or Contaminate may cause inaccurate times.
  • Supply counts are checked every 10 seconds.